 Dungeon Crawl Stone Soup version 0.28.0-45-g0d030f2227 (webtiles) character file.

Game seed: 10952050778651058715

897 Icepheonix32 the Skirmisher (level 7, -3/56 HPs)
             Began as a Demonspawn Fighter on Apr 7, 2022.
             Slain by an iguana (10 damage)
             ... on level 5 of the Dungeon.
             The game lasted 00:05:14 (4999 turns).

Icepheonix32 the Skirmisher (Demonspawn Fighter)    Turns: 4999, Time: 00:05:14

Health: -3/56      AC: 10    Str: 18    XL:     7   Next: 79%
Magic:  7/7        EV: 10    Int: 14    God:
Gold:   226        SH:  5    Dex: 12    Spells: 6/6 levels left

rFire   + . .      SeeInvis .   a - +0 long sword
rCold   . . .      Faith    .   c - +0 buckler
rNeg    . . .      Spirit   .   b - +0 scale mail
rPois   .          Reflect  .   o - +0 helmet
rElec   .          Harm     .   (no cloak)
rCorr   .          Rampage  .   (no gloves)
Will    .....                   (no boots)
Stlth   ..........              (no amulet)
HPRegen 0.18/turn               p - +6 ring of intelligence
MPRegen 0.20/turn               (no ring)

@: mighty
A: yellow scales 1, magic regeneration, dopey 1, fire resistance 1, sense
surroundings 1, MP-powered wands
a: no special abilities


You were on level 5 of the Dungeon.
You visited 1 branch of the dungeon, and saw 5 of its levels.

You collected 226 gold pieces.

Inventory:

Hand Weapons
 a - a +0 long sword (weapon)
 j - a +0 vampiric whip
 q - a +1 dagger of speed
Armour
 b - a +0 scale mail (worn)
 c - a +0 buckler (worn)
 o - a +0 helmet (worn)
Jewellery
 p - a +6 ring of intelligence (left hand)
Wands
 m - a wand of paralysis (13)
 r - a wand of polymorph (8)
Scrolls
 d - 4 scrolls of fear {unknown}
 e - 2 scrolls of fog {unknown}
 f - 2 scrolls of blinking {unknown}
 h - a scroll of enchant weapon {unknown}
 i - 2 scrolls of teleportation {unknown}
 k - a scroll of enchant armour {unknown}
 l - a scroll of immolation {unknown}
 n - 2 scrolls of identify {unknown}
 t - a scroll of silence {unknown}
 v - a scroll of torment {unknown}
Potions
 g - 2 potions of lignification
 s - a potion of might
 u - a potion of brilliance
 w - a potion of degeneration {unknown}
 x - a potion of invisibility {unknown}


   Skills:
 + Level 5.3 Fighting
 - Level 4.0 Long Blades
 + Level 4.6 Armour
 + Level 2.9 Dodging
 + Level 1.0 Stealth
 + Level 4.0 Shields


You had 6 spell levels left.
You didn't know any spells.
Your spell library contained the following spells:

 Spells                   Type           Power      Damage    Failure   Level
 Dispersal                Tloc           0%         N/A       100%        6
 Disjunction              Tloc           0%         N/A       100%        8


Dungeon Overview and Level Annotations

Branches:
Dungeon (5/15)
 Temple: D:4-7

Altars:

Shops:
D:2 (

Annotations:
D:5 Sigmund


Innate Abilities, Weirdness & Mutations

You are partially covered in yellow scales. (AC +2)
You regenerate magic rapidly.
You are dopey. (Int -2)
Your flesh is heat resistant. (rF+)
You passively map a small area around you.
You expend magic power (3 MP) to strengthen your wands.


Message History

The adder is heavily wounded.
The adder bites you but does no damage. Something hits you.
You closely miss the adder.
The adder is moderately wounded.
You block the adder's attack. The adder barely misses you. Something hits you!
You closely miss the adder.
The adder is moderately wounded.
The adder bites you but does no damage. You block the adder's attack.
You closely miss the adder.
The adder is moderately wounded.
Something hits you but does no damage. The adder bites you but does no damage.
You miss the adder.
The adder is moderately wounded.
The adder bites you. Something hits you. The adder bites you.
You are poisoned.
The adder poisons you!
You slash the adder!
You kill the adder!
You feel sick. Something hits you but does no damage.
You block the iguana's attack.
You barely miss the iguana.
You feel sick. The iguana barely misses you.
Something hits you but does no damage.
You slash the iguana!
The iguana is heavily wounded.
You feel sick. The iguana closely misses you.
You barely miss the iguana.
The iguana is heavily wounded.
You feel sick. Something hits you. You block the iguana's attack.
You barely miss the iguana.
The iguana is heavily wounded.
You feel sick.
You are no longer poisoned.
The iguana bites you but does no damage.
Something hits you but does no damage. The iguana bites you!
You hit the iguana.
The iguana is almost dead.
Something hits you!
* * * LOW HITPOINT WARNING * * *
The iguana bites you!
You die...

#.............. ,
* ##......####....
,
,.................
*
*########.######..
, ,, #.# #.. *
##### #.# * , ...#
#.#
#.#######{#####.#
#......@lh.)....#
#########l#######
, #.# * * #.# , ,
* * #.# ** * #..,,
* * , , ... ,, * ,
... , , , , ,


You could see a black bear and 2 iguanas.

Vanquished Creatures
  A water moccasin (D:4)
  A black bear (D:4)
  An ice beast (D:4)
  A scorpion (D:4)
  5 hounds
  A bullfrog skeleton (D:4)
  2 orc priests (D:3)
  Jessica (D:2)
  4 orc wizards (D:5)
  Robin (D:3)
  6 adders
  An ufetubus (D:5)
  An adder skeleton (D:4)
  3 worms
  6 dart slugs
  12 orcs
  7 bats
  4 endoplasms
  7 giant cockroaches
  16 goblins
  6 hobgoblins
  5 quokkas
  5 ball pythons
  A frilled lizard (D:2)
  3 kobolds (D:4)
  6 rats
107 creatures vanquished.

Notes
Turn   | Place    | Note
-------+----------+-------------------------------------------
     0 | D:1      | Icepheonix32 the Demonspawn Fighter began the quest for the
                  | Orb.
     0 | D:1      | Reached XP level 1. HP: 18/18 MP: 1/1
   145 | D:1      | Gained mutation: You are partially covered in yellow
                  | scales. (AC +2) [demonic ancestry]
   145 | D:1      | Reached XP level 2. HP: 10/24 MP: 2/2
  1084 | D:2      | Noticed Jessica
  1110 | D:2      | Killed Jessica
  1111 | D:2      | Reached XP level 3. HP: 9/29 MP: 3/3
  1640 | D:2      | Reached XP level 4. HP: 30/36 MP: 4/4
  1912 | D:2      | Found Vyvvuh's Weapon Emporium.
  1974 | D:2      | Found a faded altar of an unknown god.
  2049 | D:3      | Reached XP level 5. HP: 23/42 MP: 5/5
  2503 | D:3      | Noticed Robin
  2539 | D:3      | Killed Robin
  3361 | D:4      | Gained mutation: Your flesh is heat resistant. (rF+)
                  | [potion of mutation]
  3361 | D:4      | Gained mutation: You are dopey. (Int -2) [potion of
                  | mutation]
  3361 | D:4      | Gained mutation: You passively map a small area around you.
                  | [potion of mutation]
  3361 | D:4      | Gained mutation: You expend magic power (3 MP) to
                  | strengthen your wands. [potion of mutation]
  3367 | D:4      | Reached skill level 4 in Fighting
  3367 | D:4      | Gained mutation: You regenerate magic rapidly. [demonic
                  | ancestry]
  3367 | D:4      | Reached XP level 6. HP: 24/48 MP: 6/6
  3640 | D:4      | Reached skill level 1 in Dodging
  3799 | D:4      | Noticed an ice beast
  3802 | D:4      | Noticed a water moccasin
  3836 | D:4      | Killed a water moccasin
  4166 | D:4      | Reached XP level 7. HP: 44/55 MP: 7/7
  4501 | D:5      | Entered Level 5 of the Dungeon
  4871 | D:5      | Reached skill level 5 in Fighting
  4976 | D:5      | Reached skill level 1 in Stealth
  4983 | D:5      | Noticed Sigmund
  4999 | D:5      | Slain by an iguana

Illustrated notes

Levels and vault maps discovered:
D:1:      saegor_arrival_simple_e, layout_basic, minmay_misc_feat_nine_boxes
D:2:      layout_basic, serial_shops, shop,
          shapermc_ecumenical_altar_mp_vishouse, minmay_quantized, uniq_jessica
D:3:      layout_basic, chequers_serial_rivers_micro_e, nrook_campfire,
          uniq_robin
D:4:      layout_cave_pools, chequers_jeans, minmay_starry_boxes
D:5:      layout_basic, uniq_sigmund, uniq_blork_the_orc

Skill      XL: |  1  2  3  4  5  6  7 |
---------------+----------------------+-----
Long Blades    | 2 3 4 |  4.0
Armour         | 3 4 |  4.6
Shields        | 3 4 |  4.0
Fighting       | 4 5 |  5.3
Dodging        | 2 |  2.9
Stealth        | 1 |  1.0

Action                   |  1- 3 |  4- 6 |  7- 9 || total
-------------------------+-------+-------+-------++-------
Melee: Long sword        |   108 |   210 |    91 ||   409
Evoke: Wand              |       |     1 |       ||     1
  Use: Potion            |     2 |    10 |     1 ||    13
Armor: Scale mail        |    56 |    88 |    56 ||   200
       Skin              |       |    57 |       ||    57
Dodge: Dodged            |    45 |    94 |    53 ||   192
Block: Buckler           |    24 |    59 |    22 ||   105
